 Dungeon Crawl Stone Soup version 0.19-a0-750-ga427c98 (webtiles) character file.

13131 TheGoonsmith the Destroyer (level 12, -6/68 HPs)
             Began as a Gargoyle Fire Elementalist on June 25, 2016.
             Was an Elder of Vehumet.
             Mangled by a komodo dragon (15 damage)
             ... on level 2 of the Lair of Beasts.
             The game lasted 00:23:18 (12842 turns).

TheGoonsmith the Destroyer (GrFE)                  Turns: 12842, Time: 00:23:19

Health: -6/68      AC: 26    Str: 13    XL:     12   Next: 2%
Magic:  0/23       EV: 12    Int: 20    God:    Vehumet [****..]
Gold:   501        SH:  5    Dex: 11    Spells: 5 memorised, 10 levels left

rFire  . . .     SeeInvis .     G - +2 flail (protect)
rCold  . . .     Gourm    .     a - +1 robe
rNeg   + . .     Faith    .     A - +0 buckler
rPois  ∞         Spirit   .     o - +2 hat
rElec  +         Dismiss  .     U - +1 cloak
rCorr  .         Reflect  .     (no gloves)
SustAt .         Harm     .     y - +1 pair of boots
MR     .....                    x - amulet of regeneration
Stlth  ++........               m - +3 ring of protection
                                B - +3 ring of dexterity

@: not resistant to hostile enchantments, unstealthy
A: molten scales 1, clumsy 1, negative energy resistance 1, electricity
resistance, wild magic 1, unbreathing, petrification resistance, rot immunity,
AC +8
a: Renounce Religion


You were on level 2 of the Lair of Beasts.
You worshipped Vehumet.
Vehumet was greatly pleased with you.
You were near starving.

You visited 3 branches of the dungeon, and saw 13 of its levels.

You collected 631 gold pieces.
You spent 130 gold pieces at shops.

Inventory:

Hand Weapons
 w - a +1 dagger of draining
 G - a +2 flail of protection (weapon)
Armour
 a - a +1 robe (worn)
 o - a +2 hat (worn)
 y - a +1 pair of boots (worn)
 A - a +0 buckler (worn)
 T - a +0 helmet
 U - a +1 cloak (worn)
Jewellery
 f - an uncursed ring of flight
 m - a +3 ring of protection (right hand)
 t - an uncursed ring of stealth
 x - an amulet of regeneration (around neck)
 B - a +3 ring of dexterity (left hand)
Wands
 b - a wand of lightning (8/15)
 s - a wand of iceblast (10/15)
 J - a wand of paralysis (14/24)
 L - a wand of enslavement (11/24)
 M - a wand of slowing (24/48)
 O - a wand of heal wounds (3/9)
 P - a wand of disintegration (9/24)
 Q - a wand of flame (31/48)
Scrolls
 i - 2 scrolls of blinking
 q - 6 scrolls of remove curse
 r - a scroll of amnesia
 E - 2 scrolls of magic mapping
 F - a scroll of teleportation
 S - 2 scrolls of identify
Potions
 d - a potion of ambrosia {unknown}
 e - 5 potions of curing
 g - 5 potions of haste
 j - a potion of heal wounds
 l - 4 potions of lignification
 n - a potion of might {unknown}
 p - 5 potions of brilliance {unknown}
 u - 2 potions of flight {unknown}
 v - 4 potions of degeneration {unknown}
 z - a potion of invisibility {unknown}
 D - a potion of berserk rage {unknown}
 I - a potion of cure mutation {unknown}
 N - a potion of beneficial mutation {unknown}
 R - a potion of resistance {unknown}
Comestibles
 c - 8 bread rations
 h - 10 slices of pizza
 k - 26 fruits
 C - a meat ration


   Skills:
 - Level 5.0 Fighting
 - Level 1.5 Dodging
 - Level 2.1 Stealth
 - Level 4.6 Shields
 + Level 7.9 Spellcasting
 * Level 11.7 Conjurations
 * Level 11.0 Fire Magic
 - Level 5.0 Earth Magic


You had 10 spell levels left.
You knew the following spells:

 Your Spells              Type           Power        Failure   Level  Hunger
a - Flame Tongue          Conj/Fire      #####        1%          1    None
c - Conjure Flame         Conj/Fire      ######..     1%          3    None
f - Fireball              Conj/Fire      ######....   1%          5    #####..
s - Sticky Flame          Conj/Fire      ######..     1%          4    ###....
x - Stone Arrow           Conj/Erth      ######       1%          3    None


Dungeon Overview and Level Annotations

Branches:
Dungeon (10/15)            Temple (1/1) D:7            Lair (2/6) D:10
    Orc (0/2) D:10
  Swamp: Lair:2-4    Shoals: Lair:2-4     Snake: Lair:2-4    Spider: Lair:2-4

Altars:
Ashenzari
Cheibriados
Dithmenos
Fedhas
Gozag
Hepliaklqana
Kikubaaqudgha
Nemelex Xobeh
Qazlal
Trog
Uskayaw
Vehumet
Xom
Zin
The Shining One

Shops:
D:5 [   D:6 %   D:10 }

Annotations:
D:3 exclusion: oklob plant


Innate Abilities, Weirdness & Mutations

You are resistant to torment.
Your stone body is resilient. (AC +8)
You are immune to poison.
You resist negative energy. (rN+)
You are resistant to electric shocks. (rElec)
You can survive without breathing.
You are immune to petrification.
You are immune to rotting.
You are partially covered in molten scales. (AC +1)
You are clumsy. (Dex -2)
Your spells are a little harder to cast, but a little more powerful.


Message History

The komodo dragon is severely wounded.
The komodo dragon bites you!
A crocodile comes into view.
You hit the komodo dragon.
The komodo dragon is severely wounded.
The komodo dragon bites you!!
* * * LOW HITPOINT WARNING * * *
The komodo dragon misses you.
You feel much better. The komodo dragon bites you!!
* * * LOW HITPOINT WARNING * * *
Casting: Sticky Flame
Confirm with . or Enter, or press ? or * to list all spells.
Aiming: Sticky Flame
Press: ? - help, Shift-Dir - straight line, f - komodo dragon
Aim: a komodo dragon (severely wounded)
The sticky flame hits the komodo dragon.
The komodo dragon is almost dead.
The komodo dragon is covered in liquid flames!
The komodo dragon burns!
The komodo dragon bites you!
You die...

##....†......
#.........?#
#..........##
#..........#
#........#
##.......#
#...##...#
#.†......#
##@l..t...#
#.........#
#......#....
###......(..
##.........
#..........
##.........
#.........
#........


You could see a komodo dragon (burning) and a crocodile.

Vanquished Creatures
  Snorg (D:10)
  Maurice (D:10)
  A black mamba (Lair:2)
  6 spiny frogs
  2 komodo dragons
  A troll (D:10)
  A two-headed ogre (D:8)
  A wraith (D:10)
  A human (D:10)
  A basilisk (Lair:2)
  A hungry ghost (D:10)
  4 hippogriffs
  Menkaure (D:5)
  4 wargs (D:10)
  The ghost of TheGoonsmith the Conjurer, an amateur OpWz (D:3)
  2 hell hounds (D:10)
  Duvessa (D:5)
  5 water moccasins
  3 porcupines
  6 ice beasts
  2 sky beasts
  4 black bears
  3 orc warriors
  A necrophage (D:8)
  5 ogres
  4 phantoms
  8 wolves
  3 centaurs
  3 crocodiles
  11 giant frogs
  Dowan (D:5)
  5 scorpions
  A wyvern skeleton (D:9)
  6 killer bees (D:9)
  2 howler monkeys
  4 crimson imps
  2 jellies
  2 quasits
  4 hounds
  Crazy Yiuf (D:5)
  A gnoll shaman (D:6)
  2 orc priests
  5 orc wizards
  An iguana (Lair:1)
  5 worker ants
  4 sheep (D:10)
  3 hound zombies
  3 hound skeletons
  4 worker ant zombies
  3 gnolls (D:6)
  7 adders
  31 river rats
  2 shadow imps
  An ooze (D:4)
  3 adder skeletons
  7 worms
  A dart slug (D:2)
  7 giant geckos
  30 orcs
  3 giant cockroaches
  2 goblins
  6 hobgoblins
  19 jackals
  4 kobolds
  5 quokkas
  A ball python (D:4)
  12 bats
  A giant gecko skeleton (D:6)
  A giant gecko zombie (D:5)
  6 giant newts
  A quokka skeleton (D:4)
  7 rats
304 creatures vanquished.

Notes
Turn   | Place    | Note
--------------------------------------------------------------
     0 | D:1      | TheGoonsmith the Gargoyle Fire Elementalist began the quest for the Orb.
     0 | D:1      | Reached XP level 1. HP: 10/10 MP: 3/3
   267 | D:1      | Reached XP level 2. HP: 12/15 MP: 3/5
   817 | D:1      | Reached XP level 3. HP: 17/19 MP: 2/6
  1086 | D:2      | Found a sparkling altar of Nemelex Xobeh.
  1539 | D:2      | Found an opulent altar of Gozag.
  1634 | D:2      | Found a hazy altar of Hepliaklqana.
  1637 | D:2      | Found a shadowy altar of Dithmenos.
  2025 | D:3      | Reached XP level 4. HP: 23/24 MP: 0/8
  2293 | D:3      | Noticed TheGoonsmith's ghost (amateur OpWz)
  2300 | D:3      | Killed TheGoonsmith's ghost
  2300 | D:3      | Reached XP level 5. HP: 16/28 MP: 2/9
  2448 | D:3      | Found a faded altar of an unknown god.
  2499 | D:3      | Found a blossoming altar of Fedhas.
  2510 | D:3      | Noticed an oklob plant
  2797 | D:4      | Noticed a phantom
  2838 | D:4      | Killed a phantom
  2838 | D:4      | Reached XP level 6. HP: 17/32 MP: 1/11
  3024 | D:4      | Found a snail-covered altar of Cheibriados.
  3314 | D:4      | Reached skill level 5 in Conjurations
  3363 | D:4      | Noticed a phantom
  3372 | D:4      | Killed a phantom
  3372 | D:4      | Reached XP level 7. HP: 18/36 MP: 4/12
  3570 | D:5      | Entered Level 5 of the Dungeon
  3635 | D:4      | Reached skill level 5 in Fire Magic
  3988 | D:5      | Learned a level 3 spell: Conjure Flame
  3993 | D:5      | Learned a level 4 spell: Sticky Flame
  3999 | D:5      | Learned a level 5 spell: Fireball
  4316 | D:5      | Noticed Menkaure
  4320 | D:5      | Killed Menkaure
  4320 | D:5      | Reached XP level 8. HP: 41/41 MP: 11/14
  4426 | D:5      | Noticed Duvessa
  4426 | D:5      | Noticed Dowan
  4437 | D:5      | Killed Duvessa
  4441 | D:5      | Killed Dowan
  4553 | D:5      | Found a runed door.
  4731 | D:5      | Found Ireigu Bypyd's Antique Armour Boutique.
  4811 | D:5      | Bought a buckler for 130 gold pieces
  5008 | D:5      | Reached skill level 1 in Shields
  5320 | D:5      | Noticed Crazy Yiuf
  5323 | D:5      | Killed Crazy Yiuf
  5499 | D:6      | Found a bloodstained altar of Trog.
  5502 | D:6      | Reached XP level 9. HP: 45/45 MP: 12/16
  5506 | D:6      | Reached skill level 1 in Fighting
  5883 | D:6      | Found Wiogih's Food Shoppe.
  6639 | D:7      | Reached skill level 5 in Fighting
  6886 | D:7      | Found a staircase to the Ecumenical Temple.
  6898 | Temple   | Entered the Ecumenical Temple
  6911 | Temple   | Became a worshipper of Vehumet
  6937 | D:7      | Got a crude hand axe
  6938 | D:7      | Identified the cursed +3 hand axe "Cuvoam" {freeze, Str+3} (You found it on level 7 of the Dungeon)
  7173 | D:7      | Reached skill level 5 in Spellcasting
  7420 | D:8      | Noticed a two-headed ogre
  7428 | D:8      | Killed a two-headed ogre
  7670 | D:8      | Gained mutation: You are partially covered in molten scales. (AC +1) [mutagenic meat]
  7671 | D:8      | Gained mutation: Your spells are a little harder to cast, but a little more powerful. [mutagenic meat]
  7672 | D:8      | Gained mutation: You are clumsy. (Dex -2) [mutagenic meat]
  7928 | D:8      | Reached XP level 10. HP: 59/59 MP: 15/18
  7931 | D:8      | Reached * piety under Vehumet
  7931 | D:8      | Offered knowledge of Sting by Vehumet.
  7944 | D:8      | Found a glowing golden altar of the Shining One.
  8411 | D:9      | Found a stormy altar of Qazlal.
  8566 | D:9      | You fall through a shaft!
  8566 | D:10     | Entered Level 10 of the Dungeon
  9063 | D:9      | Reached ** piety under Vehumet
  9063 | D:9      | Offered knowledge of Magic Dart by Vehumet.
  9451 | D:10     | Found a staircase to the Lair.
  9633 | D:10     | Reached skill level 10 in Conjurations
  9789 | D:10     | Noticed Snorg
  9800 | D:10     | HP: 2/59 [Snorg (2)]
  9802 | D:10     | Killed Snorg
  9802 | D:10     | Reached XP level 11. HP: 4/63 MP: 2/20
  9980 | D:10     | Reached skill level 10 in Fire Magic
 10132 | D:10     | Found a staircase to the Orcish Mines.
 10142 | D:10     | Noticed Maurice
 10210 | D:10     | Killed Maurice
 10406 | D:10     | Offered knowledge of Stone Arrow by Vehumet.
 10670 | D:10     | Found Douc's Gadget Emporium.
 10905 | Lair:1   | Entered Level 1 of the Lair of Beasts
 10917 | Lair:1   | Learned a level 3 spell: Stone Arrow
 10944 | Lair:1   | Reached skill level 1 in Earth Magic
 11125 | Lair:1   | Reached *** piety under Vehumet
 11394 | Lair:1   | Reached skill level 5 in Earth Magic
 11694 | Lair:1   | Offered knowledge of Airstrike by Vehumet.
 12421 | Lair:2   | Found a hide-covered altar of Uskayaw.
 12828 | Lair:2   | Reached **** piety under Vehumet
 12838 | Lair:2   | Reached XP level 12. HP: 43/68 MP: 3/23
 12842 | Lair:2   | Mangled by a komodo dragon

Vault maps used:
D:1:      saegor_arrival_under_anarchy
D:2:      nicolae_gozag_cash_rules_everything_around_me,
          nemelex_xobeh_ov_fountains_minmay, minitemple
D:3:      ecumenical_altar_2, tgw_fedhas
D:4:      minmay_door_path, first_bread, cheibriados_altar_1
D:5:      serial_shops, kennysheep_mini, uniq_menkaure, uniq_crazy_yiuf_cottage,
          uniq_duvessa
D:6:      serial_shops, nicolae_shop_trees, trog_ov_bears_minmay
D:7:      minmay_misc_feat_ornament
D:8:      basic_altar
D:9:      lemuel_round_altar, dk_vineyard_2
D:10:     minmay_lair_entry_lava, minmay_orc_entry_guard_dogs, serial_shops,
          nicolae_shop_trees, grunt_livestock, uniq_maurice, uniq_snorg
Temple:   eino_temple_rhombus
Lair:1:   minivault_23, st_stairs_10, guppyfry_lair_drakes
Lair:2:   basic_altar, beast_lair_carwin_11, grunt_megastairs_3

Skill      XL: |  1  2  3  4  5  6  7  8  9 10 11 |
---------------+----------------------------------+-----
Conjurations   | 2 4 5 6 7 8 10 11 | 11.7
Spellcasting   | 3 4 5 6 7 |  7.9
Fire Magic     | 4 5 6 7 9 11 | 11.0
Shields        | 4 |  4.6
Fighting       | 5 |  5.0
Earth Magic    | 5 |  5.0
Dodging        | |  1.5
Stealth        | |  2.1

Action                   |  1- 3 |  4- 6 |  7- 9 | 10-12 || total
-------------------------+-------+-------+-------+-------++-------
Melee: Unarmed           |    30 |    12 |       |       ||    42
       Whip              |       |    22 |    26 |       ||    48
       Dagger            |       |       |     2 |    51 ||    53
       Flail             |       |       |     3 |   144 ||   147
 Cast: Flame Tongue      |    71 |    71 |   251 |   356 ||   749
       Sticky Flame      |       |       |    13 |    33 ||    46
       Conjure Flame     |       |       |     2 |     2 ||     4
       Fireball          |       |       |       |    20 ||    20
  Use: Scroll            |       |     6 |    13 |     1 ||    20
       Potion            |       |       |       |     1 ||     1
 Stab: Distracted        |       |       |       |     1 ||     1
  Eat: Chunk             |     4 |     4 |    20 |    17 ||    45
       Bread ration      |       |       |       |     1 ||     1
       Beef jerky        |       |       |       |     1 ||     1
Armor: Robe              |    26 |    19 |    48 |   222 ||   315
Dodge: Dodged            |    40 |    35 |    75 |   243 ||   393
Block: Buckler           |       |       |    15 |   109 ||   124
